AoeStats
← O grande

Arabia

508647637Analyzed
1v1 RM · 8d ago on Sep 23, 2026· 59m 12s· 2 players
Game mode
Random Map
Map size
Tiny (2 player)
Population
200
Speed
Normal
Resources
Standard
Victory
Conquest
Starting age
Dark Age
Ending age
Imperial Age
RankedLock teamsTeams togetherTeam positionsShared explorationLock speedFull tech treeHidden civsTurbo modeCheats
Victory
Defeat
🇧🇷 Mongols · Brazil
2101
+13
🇻🇳 Mongols · Vietnam
2039
-13
GIA_LUC_HAO_NAM
5:27 Loom
7:47 Feudal Age
8:09 Loom
8:41 Double-Bit Axe
15:46 Fletching
21:02 Castle Age
20:00 Gold Mining
20:17 Padded Archer Armor
20:38 Horse Collar
21:11 Elite Skirmisher
22:06 Bow Saw
21:52 Bodkin Arrow
22:39 Leather Archer Armor
24:48 Ballistics
28:45 Husbandry
31:23 Wheelbarrow
30:34 Town Watch
31:17 Heavy Plow
31:33 Bloodlines
35:53 Imperial Age
34:14 Gold Shaft Mining
34:19 Hand Cart
35:07 Hand Cart
36:37 Bracer
37:39 Chemistry
36:15 Capped Ram
36:15 Capped Ram
38:03 Masonry
37:48 Murder Holes
37:23 Siege Ram
38:30 Conscription
40:00 Drill
40:24 Thumb Ring
41:54 Parthian Tactics
40:50 Heavy Cavalry Archer
42:26 Thumb Ring
43:03 Heavy Cavalry Archer
46:31 Scale Barding Armor
46:36 Forging
47:57 Chain Barding Armor
47:13 Light Cavalry
48:16 Fortified Wall
52:55 Siege Engineers
55:39 Iron Casting
54:29 Hussar
O grande
6:41 Loom
8:28 Feudal Age
8:56 Man-at-Arms
13:42 Double-Bit Axe
14:56 Fletching
21:03 Castle Age
19:33 Horse Collar
19:43 Gold Mining
21:40 Bodkin Arrow
21:19 Crossbowman
25:13 Wheelbarrow
25:41 Bow Saw
25:37 Heavy Plow
27:23 Town Watch
34:50 Imperial Age
33:10 Stone Mining
33:38 Padded Archer Armor
34:46 Gold Shaft Mining
34:31 Hand Cart
35:38 Gold Shaft Mining
35:44 Stone Shaft Mining
35:34 Bloodlines
35:26 Husbandry
35:56 Ballistics
35:55 Bracer
36:00 Husbandry
37:20 Leather Archer Armor
37:26 Conscription
38:07 Scale Barding Armor
39:46 Chemistry
39:15 Parthian Tactics
38:31 Light Cavalry
39:43 Chain Barding Armor
40:43 Murder Holes
42:48 Forging
44:05 Masonry
43:28 Hussar
46:27 Iron Casting
48:54 Elite Mangudai
51:00 Blast Furnace
53:06 Nomads
Connection lost

Rejoining the realm…

Still unreachable

The connection could not be restored.

Session expired

The server has moved on; the page needs a fresh start.